 Dungeon Crawl Stone Soup version 0.26-a0-648-g87339cca5e (webtiles) character file.

Game seed: 13007496627544348281

11893 Colgate the Brawler (level 11, -7/94 HPs)
             Began as a Troll Berserker on Sept 25, 2020.
             Was a High Priest of Trog.
             Mangled by a death ooze (25 damage)
             ... summoned by a boggart
             ... in a Gauntlet.
             The game lasted 01:18:11 (9767 turns).

Colgate the Brawler (Troll Berserker)               Turns: 9767, Time: 01:18:12

Health: -7/94      AC: 10    Str: 27    XL:     11   Next: 55%
Magic:  0/10       EV:  9    Int:  8    God:    Trog [*****.]
Gold:   303        SH: 12    Dex: 12    Spells: 10/10 levels left

rFire    . . .     SeeInvis .     - Unarmed
rCold    . . .     Faith    .   J - +3 kite shield of Oseon {Int+5}
rNeg     . . .     Spirit   +   G - +0 steam dragon scales
rPois    .         Reflect  .   b - +0 hat
rElec    .         Harm     .   O - +0 cloak
rCorr    .         Rampage  .   (gloves unavailable)
MR       ++...     NoTele   +   (boots unavailable)
Stlth    +.........             j - amulet of guardian spirit
HPRegen  0.65/turn              i - ring of protection from magic
MPRegen  0.12/turn              q - ring of protection from magic

@: berserk cooldown, slowed, very slow
A: large, unfitting armour, claws 3, regeneration 1, shaggy fur 1, tough skin 3
a: Berserk, Trog's Hand, Brothers in Arms, Renounce Religion


You were in a Gauntlet.
You worshipped Trog.
Trog was extremely pleased with you.
You visited 2 branches of the dungeon, and saw 12 of its levels.
You also visited: Ossuary and Gauntlet.

You collected 673 gold pieces.
You spent 370 gold pieces at shops.

Inventory:

Hand Weapons
 a - a +3 hunting sling
 H - a +1 hunting sling
Missiles
 e - 35 poisoned darts (quivered)
 k - 207 stones
 t - 68 bolts
 u - 199 arrows
 M - 11 sling bullets
 P - a throwing net
Armour
 b - a +0 hat (worn)
 x - a +0 animal skin
 G - +0 steam dragon scales (worn)
 J - the +3 kite shield of Oseon (worn) {Int+5}
   (You bought it in a shop on level 5 of the Dungeon)

   It affects your intelligence (+5).
 O - a +0 cloak (worn)
Jewellery
 i - a ring of protection from magic (left claw)
 j - an amulet of guardian spirit (around neck)
 q - a ring of protection from magic (right claw)
 y - an uncursed ring of protection from cold
Wands
 m - a wand of polymorph (1)
 s - a wand of paralysis (41)
 v - a wand of flame (17)
 w - a wand of digging (7)
 A - a wand of random effects (38)
 C - a wand of enslavement (16)
Scrolls
 d - 3 scrolls of teleportation
 f - 2 scrolls of fog
 n - 2 scrolls of enchant armour {unknown}
 o - a scroll of amnesia {unknown}
 B - 8 scrolls of remove curse {unknown}
 D - 3 scrolls of blinking
 E - a scroll of random uselessness {unknown}
 I - a scroll of immolation {unknown}
 L - a scroll of identify
 N - a scroll of magic mapping
Potions
 c - 3 potions of heal wounds
 g - a potion of degeneration
 h - 9 potions of curing
 l - 3 potions of flight
 p - a potion of might
 z - a potion of lignification
 F - 2 potions of ambrosia
 K - a potion of berserk rage


   Skills:
 - Level 2.4 Fighting
 - Level 3.5(3.7) Slings
 - Level 2.0(3.6) Throwing
 - Level 3.5 Dodging
 - Level 2.4 Shields
 + Level 16.1 Unarmed Combat
 - Level 1.0 Evocations


You had 10 spell levels left.
You didn't know any spells.
Your spell library was empty.

Dungeon Overview and Level Annotations

Branches:
Dungeon (11/15)            Temple (1/1) D:5            Lair (0/6) D:10
Ossuary (visited)         Gauntlet (1/1)
    Orc: D:9-12

Altars:
Ashenzari
Dithmenos
Elyvilon
Kikubaaqudgha
Makhleb
Nemelex Xobeh
Okawaru
Qazlal
Sif Muna
Trog
Uskayaw
Wu Jian
Xom
Yredelemnul

Shops:
D:4 (   D:5 [   D:11 (((

Annotations:
D:10 exclusion: oklob plant, Erolcha, Snorg Gauntlet 11 transporters


Innate Abilities, Weirdness & Mutations

You are too large for most types of armour.
You have claws for hands.
Your natural rate of healing is unusually fast.
You are covered in fur. (AC +1)
You have extremely tough skin. (AC +3)


Message History

Something hits you.
Deactivating autopickup; reactivate with Ctrl-A.
The cane toad simulacrum hits you. The cane toad simulacrum freezes you!
You block something's attack.
You barely miss something.
You block the cane toad simulacrum's attack.
The death ooze hits you! x2; Something hits you.
The moth of wrath angrily waves its antennae.
The cane toad simulacrum hits you. The cane toad simulacrum freezes you!
You claw something! The death ooze hits you. You block the death ooze's attack.
You hear some strange, mumbled words.
The death ooze closely misses you. The death ooze hits you.
The cane toad simulacrum hits you!
* * * LOW HITPOINT WARNING * * *
The cane toad simulacrum freezes you!
* * * LOW HITPOINT WARNING * * *
You hear some strange, mumbled words.
Something hits you but does no damage. The death ooze completely misses you.
The death ooze hits you!!
You die...

≈###≈###≈###≈###≈###≈##
≈≈#≈≈≈#≈≈≈#≈≈≈#≈≈≈#≈≈≈#
....................≈#
#######...#########.##
......#.⌠.#.......#.≈##
####..#...#)#.#.8.#.≈≈#
#..##.#####!.P.Z§.#.≈##
.#©.#.#©.©#©#.©J8.#©##
.##.#.#.⌠.#..PQP@.#..##
...##.#...#.#.#.⌠.#...##
#.⌠.#......Q#.∩.≈##
#...#########...≈≈##
..⌠.#.........⌠.≈≈≈#
####...#########...≈≈##
.##.##.⌠.#..hhhy.#.∩.≈##
##..#.#...#..####.#...##
#.#.#.#.⌠.#)#..h#y#..##


You could see 2 tengu warriors, a death ooze (summoned), a moth of wrath, 3
wolves and a cane toad simulacrum (summoned).

Vanquished Creatures
  Erica (D:10)
  A hydra (D:11)
  Urug (D:11)
  An unseen horror (D:11)
  A worldbinder (Gauntlet)
  Maurice (D:9)
  The ghost of Veteran the Shield-Bearer, a novice DDFi (D:5)
  The ghost of haldagan the Shield-Bearer, a novice BaFi of Cheibriados (D:5)
  Maggie (D:6)
  Grinder (D:5)
  2 hippogriffs
  2 wraiths (D:11)
  A human (D:9)
  3 wyverns
  8 yaks (D:9)
  Menkaure (D:5)
  Duvessa (D:7)
  A black bear (D:8)
  2 ice beasts
  An orc warrior (D:8)
  3 sky beasts
  2 boggarts (Gauntlet)
  4 phantoms
  4 ogres
  4 centaurs
  An elf zombie (Ossuary)
  A big kobold (D:9)
  6 bullfrogs
  Blork the orc (D:4)
  A gnoll sergeant (D:9)
  Dowan (D:7)
  A water moccasin skeleton (D:5)
  6 scorpions
  6 killer bees (D:6)
  4 wights (D:7)
  4 howler monkeys
  A bullfrog zombie (D:9)
  2 centaur zombies
  A human zombie (Ossuary)
  3 bullfrog skeletons
  3 centaur skeletons
  5 hounds
  An orc wizard (D:4)
  Natasha (twice) (D:2)
  5 iguanas
  16 worker ants
  A killer bee zombie (D:9)
  The ghost of fritzmikael the Sneak, a weakling NaDe (D:5)
  3 hound zombies (Ossuary)
  3 mummies (Ossuary)
  3 gnolls (D:9)
  9 adders
  A shadow imp (D:5)
  2 white imps
  An ufetubus (D:6)
  2 oozes
  An adder skeleton (D:4)
  An adder zombie (Ossuary)
  2 worms (D:3)
  A dart slug (D:1)
  7 leopard geckos
  10 orcs
  6 giant cockroaches
  4 gnoll zombies
  3 hobgoblins
  5 jackals
  3 quokkas
  3 ball pythons (D:1)
  12 bats
  6 frilled lizards
  13 goblins
  3 goblin zombies (Ossuary)
  8 hobgoblin zombies (Ossuary)
  A jackal skeleton (D:5)
  2 jackal zombies (Ossuary)
  15 kobolds
  7 kobold zombies (Ossuary)
  A leopard gecko skeleton (D:6)
  2 orc zombies (Ossuary)
  A quokka skeleton (D:3)
  3 quokka zombies (Ossuary)
  9 rats
  2 rat zombies (Ossuary)
277 creatures vanquished.

Vanquished Creatures (others)
  A demonic plant (Gauntlet)
  A plant (D:10)
2 creatures vanquished.

Grand Total: 279 creatures vanquished

Notes
Turn   | Place    | Note
-------+----------+-------------------------------------------
     0 | D:1      | Colgate the Troll Berserker began the quest for the Orb.
     0 | D:1      | Reached XP level 1. HP: 22/22 MP: 0/0
   185 | D:1      | Reached XP level 2. HP: 29/29 MP: 1/1
   295 | D:1      | Reached skill level 4 in Unarmed Combat
   298 | D:1      | Reached ** piety under Trog
   720 | D:2      | Reached XP level 3. HP: 30/36 MP: 2/2
   870 | D:2      | Noticed Natasha
   874 | D:2      | Killed Natasha
   874 | D:2      | Reached XP level 4. HP: 44/44 MP: 3/3
   876 | D:2      | Reached skill level 5 in Unarmed Combat
  1171 | D:2      | Found a broken altar of Ashenzari.
  1583 | D:2      | Noticed Natasha
  1586 | D:2      | Killed Natasha
  1977 | D:3      | Reached XP level 5. HP: 50/50 MP: 4/4
  1980 | D:3      | Reached *** piety under Trog
  2407 | D:4      | Reached skill level 6 in Unarmed Combat
  2431 | D:4      | Reached skill level 1 in Throwing
  2449 | D:4      | Reached XP level 6. HP: 52/59 MP: 3/5
  2481 | D:4      | Found Zele's Weapon Emporium.
  2540 | D:4      | Reached skill level 7 in Unarmed Combat
  2569 | D:4      | Found a sand-covered staircase.
  2574 | Ossuary  | Entered an ossuary
  2602 | Ossuary  | Reached XP level 7. HP: 64/66 MP: 6/6
  2658 | Ossuary  | Reached **** piety under Trog
  2769 | Ossuary  | Reached skill level 8 in Unarmed Combat
  3395 | D:4      | Noticed Blork the orc
  3407 | D:4      | Killed Blork the orc
  3408 | D:4      | Found a shimmering blue altar of Sif Muna.
  3842 | D:5      | Entered Level 5 of the Dungeon
  3854 | D:5      | Reached skill level 9 in Unarmed Combat
  3884 | D:5      | Noticed Menkaure
  3932 | D:5      | Found Wacukico's Armour Shop.
  4048 | D:5      | Found a staircase to the Ecumenical Temple.
  4092 | Temple   | Entered the Ecumenical Temple
  4177 | D:5      | Reached XP level 8. HP: 74/74 MP: 7/7
  4406 | D:5      | Noticed Grinder
  4421 | D:5      | Killed Grinder
  4421 | D:5      | Reached skill level 10 in Unarmed Combat
  4509 | D:5      | Found a runed translucent gate.
  4509 | D:5      | Found a runed translucent gate.
  4510 | D:5      | Found a runed translucent gate.
  4514 | D:5      | Noticed Veteran's ghost (novice DDFi)
  4514 | D:5      | Noticed haldagan's ghost (novice BaFi)
  4514 | D:5      | Noticed fritzmikael's ghost (weakling NaDe)
  4640 | D:5      | Killed Menkaure
  4640 | D:5      | Reached skill level 1 in Slings
  4798 | D:5      | Found a basalt altar of Yredelemnul.
  4824 | D:5      | Found a shadowy altar of Dithmenos.
  4979 | D:5      | Killed Veteran's ghost
  4984 | D:5      | Killed haldagan's ghost
  4984 | D:5      | Reached XP level 9. HP: 74/80 MP: 5/8
  4986 | D:5      | Killed fritzmikael's ghost
  5148 | D:6      | Reached skill level 11 in Unarmed Combat
  5447 | D:6      | Found a burning altar of Makhleb.
  5554 | D:6      | Noticed Maggie
  5560 | D:6      | Killed Maggie
  5560 | D:6      | Reached ***** piety under Trog
  5560 | D:6      | Reached skill level 12 in Unarmed Combat
  6207 | D:7      | Found an ancient bone altar of Kikubaaqudgha.
  6207 | D:7      | Found a sparkling altar of Nemelex Xobeh.
  6208 | D:7      | Found a bloodstained altar of Trog.
  6297 | D:7      | Noticed Duvessa
  6297 | D:7      | Noticed Dowan
  6301 | D:7      | Killed Dowan
  6304 | D:7      | Killed Duvessa
  6304 | D:7      | Reached skill level 13 in Unarmed Combat
  6304 | D:7      | Reached XP level 10. HP: 88/88 MP: 9/9
  6573 | D:7      | Found a stormy altar of Qazlal.
  6787 | D:5      | Bought the +3 kite shield of Oseon {Int+5} for 370 gold
                  | pieces
  7576 | D:9      | Noticed Maurice
  7643 | D:9      | Reached skill level 14 in Unarmed Combat
  7723 | D:9      | Reached skill level 1 in Shields
  8319 | D:9      | Killed Maurice
  8517 | D:9      | Reached skill level 15 in Unarmed Combat
  8569 | D:9      | Reached XP level 11. HP: 94/94 MP: 10/10
  8651 | D:10     | Entered Level 10 of the Dungeon
  8651 | D:10     | Noticed Erica
  8669 | D:10     | Killed Erica
  8726 | D:10     | Noticed Snorg
  8741 | D:10     | Found a staircase to the Lair.
  8748 | D:10     | Noticed an oklob plant
  8940 | D:10     | Noticed Erolcha
  9110 | D:10     | Reached skill level 1 in Evocations
  9249 | D:11     | Received a gift from Trog
  9305 | D:11     | Noticed an eight-headed hydra
  9314 | D:11     | Killed an 11-headed hydra
  9337 | D:11     | Killed an unseen horror
  9463 | D:11     | Noticed Urug
  9473 | D:11     | Killed Urug
  9502 | D:11     | Found Inuvid's Weapon Boutique.
  9515 | D:11     | Found Dixaziw's Antique Weapon Boutique.
  9577 | D:11     | Found Diguchie's Weapon Boutique.
  9596 | D:11     | Found a gate leading to a gauntlet.
  9613 | Gauntlet | Entered a Gauntlet
  9613 | Gauntlet | Found a transporter.
  9613 | Gauntlet | Found a transporter.
  9631 | Gauntlet | Found a transporter.
  9634 | Gauntlet | Found a transporter.
  9651 | Gauntlet | Found a transporter.
  9657 | Gauntlet | Noticed a death scarab
  9659 | Gauntlet | Found a transporter.
  9663 | Gauntlet | Found a transporter.
  9668 | Gauntlet | Noticed a wretched star
  9672 | Gauntlet | Found a transporter.
  9686 | Gauntlet | Noticed a cyan ugly thing
  9687 | Gauntlet | Found a transporter.
  9688 | Gauntlet | Noticed a glowing orange brain
  9689 | Gauntlet | Noticed a glowing orange brain
  9701 | Gauntlet | Found a transporter.
  9705 | Gauntlet | Found a transporter.
  9713 | Gauntlet | Found a transporter.
  9757 | Gauntlet | Reached skill level 16 in Unarmed Combat
  9763 | Gauntlet | Noticed a death ooze
  9767 | Gauntlet | Noticed a tengu warrior
  9767 | Gauntlet | Noticed a tengu warrior
  9767 | Gauntlet | Mangled by a death ooze

Illustrated notes

Levels and vault maps discovered:
D:1:      dpeg_arrival_arbitrary_c, layout_basic, minmay_3d_cube
D:2:      layout_basic, lemuel_round_altar, uniq_natasha
D:3:      layout_loops_ring
D:4:      layout_cave_pods, enter_ossuary_5, serial_shops, shop, tgw_sif
D:5:      layout_loops_ring, lemuel_zombie_altar_yredelemnul,
          minmay_temple_entry_hall, serial_shops, shop,
          gammafunk_ghost_cemetery, grunt_dithmenos_shadows, uniq_menkaure,
          uniq_grinder
D:6:      layout_loops_ring, kennysheep_mini_moat, uniq_maggie
D:7:      layout_loops_ring, nicolae_qazlal_style_of_elements,
          gammafunk_temple_overflow_claw, uniq_duvessa
D:8:      layout_basic
D:9:      layout_cave_pools, uniq_maurice
D:10:     layout_basic, dpeg_oklobed_lair, nrook_campfire, uniq_snorg,
          uniq_erica, uniq_erolcha
D:11:     layout_roguey, gauntlet_entry_generic, serial_shops, kennysheep_mini,
          nicolae_shop_trees, shop, hangedman_ranch [blue_anna_fruit_fields],
          uniq_urug
Temple:   dpeg_chambers_temple
Gauntlet: minmay_gauntlet_77_indecision [minmay_gauntlet_arena_77_museum,
          minmay_gauntlet_arena_77_box, minmay_gauntlet_arena_77_hold_the_fort,
          minmay_gauntlet_arena_77_mess, minmay_gauntlet_arena_77_fan,
          minmay_gauntlet_arena_77_block_sizes,
          nicolae_gauntlet_exit_dead_adventurers]

Skill      XL: |  1  2  3  4  5  6  7  8  9 10 11 |
---------------+----------------------------------+-----
Unarmed Combat | 4 5 6 7 9 10 13 15 16 | 16.1
Throwing       | 2 |  2.0
Slings         | 3 |  3.5
Shields        | 2 |  2.4
Dodging        | 3 |  3.5
Evocations     | 1 |  1.0
Fighting       | |  2.4

Action                   |  1- 3 |  4- 6 |  7- 9 | 10-12 || total
-------------------------+-------+-------+-------+-------++-------
Melee: Unarmed           |    70 |   113 |   208 |   253 ||   644
       Punch             |     1 |     1 |    12 |       ||    14
 Fire: Hunting sling     |       |       |    68 |    74 ||   142
Throw: Dart              |     1 |    79 |    26 |     4 ||   110
       Stone             |       |    23 |    17 |       ||    40
Invok: Berserk           |     2 |     5 |    22 |    21 ||    50
       Trog's Hand       |       |       |       |     1 ||     1
Evoke: Wand              |       |       |     9 |    37 ||    46
  Use: Scroll            |       |     7 |     4 |     5 ||    16
       Potion            |       |       |     2 |       ||     2
 Stab: Paralysed         |       |       |     1 |     3 ||     4
       Sleeping          |       |       |     1 |       ||     1
Armor: Animal skin       |    28 |    36 |    52 |       ||   116
       Skin              |       |       |     9 |       ||     9
       Steam dragon scal |       |       |     7 |    74 ||    81
Dodge: Dodged            |    33 |    58 |    60 |    48 ||   199
Block: Kite shield       |       |       |       |   118 ||   118

Table legend: (Time is in decaauts)
 A = Elapsed time spent in this place.
 B = Non-inter-level travel time spent in this place.
 C = Inter-level travel time spent in this place.
 D = Time resting spent in this place.
 E = Time spent auto-exploring this place.
 F = Levels seen in this place.
 G = Mean time per level.
                   A        B        C        D        E       F      G
               +--------+--------+--------+--------+--------+-----+--------+
         Total |  10045 |   8905 |   1140 |    363 |   6417 |  14 |  717.5 |
       Dungeon |   9393 |   8269 |   1124 |    331 |   6069 |  11 |  853.9 |
        Temple |     96 |     80 |     16 |     32 |     44 |   1 |   96.0 |
       Ossuary |    403 |    403 |      0 |      0 |    186 |   1 |  403.0 |
      Gauntlet |    151 |    151 |      0 |      0 |    118 |   1 |  151.0 |
               +--------+--------+--------+--------+--------+-----+--------+

Top non-repeatable levels by time:
     D:5: 1216 daAuts
     D:9: 1162 daAuts
     D:6: 1113 daAuts
     D:4: 1092 daAuts
     D:2: 971 daAuts
     D:8: 813 daAuts
     D:3: 795 daAuts
     D:7: 705 daAuts
     D:1: 682 daAuts
    D:10: 469 daAuts
 Ossuary: 403 daAuts
    D:11: 372 daAuts
Gauntlet: 151 daAuts
  Temple: 96 daAuts
